AoeStats
← Motoboy Fantasma

Black Forest

505996548Analyzed
4v4 RM · 21d ago on Sep 12, 2026· 44m 53s· 8 players
Game mode
Random Map
Map size
Large (8 player)
Population
200
Speed
Normal
Resources
Standard
Victory
Conquest
Starting age
Dark Age
Ending age
Imperial Age
RankedLock teamsTeams togetherTeam positionsShared explorationLock speedFull tech treeHidden civsTurbo modeCheats
Victory
Defeat
🇧🇷 Saracens · Brazil
1269
+13
🇧🇷 Bengalis · Brazil
1223
+15
🇧🇷 Aztecs · Brazil
1140
+19
🇧🇷 Portuguese · Brazil
1055
+22
🇬🇧 Poles · United Kingdom
1233
-19
🇲🇽 Slavs · Mexico
1225
-18
🇨🇦 Britons · Canada
1179
-16
🇧🇷 Lithuanians · Brazil
1166
-16
EigenVector
0:26 Loom
11:10 Feudal Age
16:11 Castle Age
14:12 Horse Collar
15:18 Double-Bit Axe
17:05 Stone Mining
17:52 Bow Saw
18:47 Fletching
18:58 Padded Archer Armor
19:15 Crossbowman
21:06 Bodkin Arrow
23:31 Wheelbarrow
23:20 Gold Mining
25:33 Hand Cart
26:24 Leather Archer Armor
27:52 Ballistics
35:32 Scale Mail Armor
35:42 Forging
38:20 Imperial Age
38:39 Pikeman
39:29 Bracer
39:14 Elite Longbowman
41:32 Ring Archer Armor
42:45 Halberdier
45:01 Conscription
45:08 Chain Mail Armor
KINGUARDIANS
5:20 Loom
11:08 Feudal Age
15:14 Castle Age
13:11 Double-Bit Axe
13:27 Horse Collar
16:58 Scale Barding Armor
23:02 Town Watch
23:53 Wheelbarrow
23:56 Forging
25:19 Chain Barding Armor
25:43 Heavy Plow
28:22 Bow Saw
28:05 Gold Mining
29:40 Iron Casting
29:09 Husbandry
29:19 Bloodlines
31:26 Stone Mining
32:37 Hand Cart
32:08 Light Cavalry
34:05 Town Patrol
35:29 Gold Shaft Mining
39:37 Imperial Age
37:30 Devotion
38:08 Detinets
40:03 Ballistics
39:55 Masonry
39:15 Pikeman
39:56 Squires
40:00 Scale Mail Armor
40:08 Murder Holes
40:39 Siege Engineers
41:36 Chemistry
40:30 Halberdier
41:42 Conscription
42:04 Fortified Wall
44:22 Blast Furnace
44:12 Crop Rotation
44:50 Two-Man Saw
44:16 Chain Mail Armor
43:58 Cavalier
BIGBALZIE
0:56 Loom
13:02 Feudal Age
14:20 Double-Bit Axe
17:00 Castle Age
14:50 Horse Collar
16:12 Bloodlines
16:31 Forging
17:26 Light Cavalry
22:50 Fletching
33:35 Bow Saw
34:45 Wheelbarrow
35:50 Heavy Plow
40:58 Imperial Age
39:56 Hand Cart
40:57 Husbandry
41:11 Szlachta Privileges
42:36 Conscription
41:44 Cavalier
43:42 Iron Casting
43:13 Scale Barding Armor
۞_KDZ_۞
1:58 Loom
12:00 Feudal Age
17:38 Castle Age
16:56 Double-Bit Axe
16:52 Horse Collar
17:31 Stone Mining
19:20 Bow Saw
20:15 Wheelbarrow
21:31 Heavy Plow
24:27 Gold Mining
26:35 Fervor
28:25 Hand Cart
31:03 Imperial Age
29:21 Caravan
29:18 Pikeman
29:58 Squires
30:01 Husbandry
31:02 Stone Shaft Mining
31:02 Town Watch
31:34 Scale Mail Armor
31:44 Forging
32:09 Conscription
31:53 Tower Shields
33:04 Fortified Wall
33:07 Masonry
32:22 Cavalier
32:24 Halberdier
33:14 Fletching
33:25 Padded Archer Armor
33:21 Arson
34:42 Chemistry
34:08 Redemption
33:36 Elite Skirmisher
34:25 Bodkin Arrow
34:36 Scale Barding Armor
34:45 Bloodlines
35:17 Theocracy
34:58 Block Printing
35:09 Leather Archer Armor
37:21 Iron Casting
37:02 Chain Mail Armor
37:35 Ballistics
39:18 Treadmill Crane
40:06 Guilds
Siqueira
1:14 Loom
12:23 Feudal Age
19:30 Castle Age
18:57 Scale Mail Armor
19:56 Stone Mining
19:42 Pikeman
20:38 Horse Collar
25:15 Fletching
26:06 Double-Bit Axe
32:23 Imperial Age
36:56 Bow Saw
Motoboy Fantasma
6:19 Loom
7:52 Loom
10:31 Feudal Age
10:58 Horse Collar
11:03 Double-Bit Axe
19:48 Castle Age
18:08 Gold Mining
18:08 Stone Mining
21:07 Bow Saw
20:58 Heavy Plow
23:29 Wheelbarrow
22:39 Town Watch
24:37 Gold Shaft Mining
24:39 Stone Shaft Mining
24:41 Hand Cart
25:18 Town Patrol
29:57 Imperial Age
28:35 Scale Mail Armor
28:46 Forging
28:44 Squires
28:31 Arson
28:34 Gambesons
28:11 Eagle Warrior
30:02 Chain Mail Armor
30:23 Iron Casting
31:52 Chemistry
31:13 Ballistics
30:35 Treadmill Crane
32:35 Conscription
32:39 Siege Engineers
32:17 Treadmill Crane
33:52 Fortified Wall
35:28 Crop Rotation
35:37 Plate Mail Armor
36:07 Blast Furnace
34:35 Elite Eagle Warrior
37:41 Padded Archer Armor
37:32 Fletching
38:28 Garland Wars
37:31 Elite Jaguar Warrior
38:15 Pikeman
41:51 Murder Holes
41:42 Arrowslits
42:51 Atlatl
42:23 Sappers
darkdudu
0:44 Loom
12:03 Feudal Age
17:01 Castle Age
16:12 Horse Collar
16:21 Double-Bit Axe
19:04 Wheelbarrow
24:43 Heavy Plow
25:40 Fletching
28:38 Fortified Wall
28:51 Ballistics
28:31 Bodkin Arrow
28:36 Padded Archer Armor
31:41 Imperial Age
30:00 Bow Saw
30:00 Gold Mining
30:10 Stone Mining
32:09 Leather Archer Armor
33:03 Paiks
33:11 Bloodlines
33:02 Husbandry
32:36 Elite Elephant Archer
33:26 Bracer
33:57 Ring Archer Armor
34:31 Chemistry
34:02 Conscription
34:10 Mahayana
37:48 Caravan
40:04 Siege Elephant
40:53 Siege Engineers
Tilan Borrego
11:27 Feudal Age
13:00 Double-Bit Axe
15:40 Gold Mining
18:04 Castle Age
17:33 Fletching
18:17 Padded Archer Armor
20:56 Crossbowman
22:17 Bodkin Arrow
25:48 Wheelbarrow
26:07 Leather Archer Armor
27:16 Ballistics
29:05 Hand Cart
28:35 Loom
32:02 Town Watch
35:25 Imperial Age
33:28 Horse Collar
34:12 Bow Saw
34:21 Scale Barding Armor
34:26 Forging
34:32 Thumb Ring
34:42 Bloodlines
34:33 Husbandry
36:50 Iron Casting
38:21 Two-Man Saw
39:22 Chain Barding Armor
40:35 Heavy Camel Rider
41:19 Heavy Plow
41:56 Gold Shaft Mining
43:07 Conscription
Connection lost

Rejoining the realm…

Still unreachable

The connection could not be restored.

Session expired

The server has moved on; the page needs a fresh start.